 Dungeon Crawl Stone Soup version 0.31-a0-145-g046c7d2549 (webtiles) character file.

Game seed: 5322385698828496634

333 IndexError the Magician (level 6, -5/40 HPs)
             Began as a Djinni Conjurer on June 7, 2023.
             Slain by a bullfrog (6 damage)
             ... on level 4 of the Dungeon.
             The game lasted 00:05:07 (3005 turns).

IndexError the Magician (Djinni Conjurer)           Turns: 3005, Time: 00:05:08

Health: -5/40      AC:  4    Str:  6    XL:     6   Next: 83%
Gold:   199        EV: 12    Int: 22    God:
                   SH:  5    Dex: 11

rFire   + + .        b - +3 whip (drain)
rCold   x . .        (no shield)
rNeg    . . .        a - +0 robe
rPois   ∞            (no helmet)
rElec   .            s - +0 cloak
rCorr   +            v - +0 pair of gloves
SInv    .            (boots unavailable)
Will    .....        q - amulet of reflection
Stlth   ++           u - ring of resist corrosion
HPRegen 0.26/turn    (no ring)
MPRegen 0.00/turn

%: reflection, infuse magic (-6 HP)
@: flying
A: sickness immunity, fire resistance 2, cold vulnerability 1, float, innate
caster, HP casting, extra vitality 1
a: no special abilities


You were on level 4 of the Dungeon.
You visited 1 branch of the dungeon, and saw 4 of its levels.

You collected 199 gold pieces.

Inventory:

Hand Weapons
 b - a +3 whip of draining (weapon)
   (You took it off a kobold on level 1 of the Dungeon)
Armour
 a - a +0 robe (worn)
 s - a +0 cloak (worn)
   (You found it on level 3 of the Dungeon)
 v - a +0 pair of gloves (worn)
   (You found it on level 4 of the Dungeon)
Jewellery
 q - an amulet of reflection (around neck)
   (You found it on level 3 of the Dungeon)
 u - a ring of resist corrosion (left hand)
   (You found it on level 3 of the Dungeon)
Scrolls
 c - a scroll of amnesia {unknown}
 f - a scroll of magic mapping {unknown}
 g - a scroll of silence {unknown}
 h - a scroll of fog {unknown}
 l - 2 scrolls of vulnerability {unknown}
 m - 5 scrolls of identify {unknown}
 p - a scroll of noise {unknown}
 w - a scroll of torment {unknown}
Potions
 d - a potion of curing
 e - a potion of heal wounds {unknown}
 i - 2 potions of enlightenment {unknown}
 j - a potion of attraction {unknown}
 k - a potion of mutation {unknown}
 n - a potion of resistance {unknown}
 o - 2 potions of berserk rage {unknown}
 r - a potion of degeneration {unknown}
 t - 4 potions of haste {unknown}
 x - a potion of brilliance {unknown}


   Skills:
 - Level 2.1 Dodging
 - Level 1.5 Stealth
 + Level 5.9 Spellcasting
 + Level 5.9 Conjurations
 + Level 5.9 Hexes
   Level 0.0 Charms
 + Level 5.9 Summonings
 + Level 5.9 Necromancy
 + Level 5.9 Translocations
 + Level 5.9 Transmutations
 + Level 5.9 Fire Magic
 + Level 5.9 Ice Magic
 + Level 5.9 Air Magic
 + Level 5.9 Earth Magic
 + Level 5.9 Poison Magic


You knew the following spells:

 Your Spells              Type           Power      Damage    Failure   Level
a - Magic Dart            Conj           100%       1d8       1%          1
b - Searing Ray           Conj           64%        2d6       1%          2
c - Dazzling Flash        Conj/Hex       64%        N/A       2%          3
d - Fulminant Prism       Conj/Hex       16%        3d11      9%          4
e - Shock                 Conj/Air       100%       1d9       1%          1
f - Momentum Strike       Conj/Tloc      64%        3d9       1%          2
x - Iskenderun's Mystic   Conj/Tloc      32%        2d8       9%          4
Your spell library was empty.

Dungeon Overview and Level Annotations

Branches:
Dungeon (4/15)
 Temple: D:4-7

Altars:
Elyvilon


Innate Abilities, Weirdness & Mutations

You are immune to sickness and miasma.
You are immune to poison.
Your flesh is very heat resistant. (rF++)
You are vulnerable to cold. (rC-)
You float through the air rather than walking.
You learn spells naturally, not from books.
Your magical power is your life essence.
You have superior vitality. (+4 MHP)


Message History

You take 1 damage, and have 37/40 hp.
The magic dart hits the adder.
The magic dart hits the orc.
You take 1 damage, and have 36/40 hp.
The magic dart hits the orc but does no damage.
You block the orc's attack.
You take 1 damage, and have 35/40 hp.
The magic dart hits the orc.
The orc hits you with a +0 hand axe.
You take 3 damage, and have 32/40 hp.
The magic dart hits the orc.
A hobgoblin comes into view.
The magic dart hits the hobgoblin.
You take 1 damage, and have 31/40 hp.
You can't see any susceptible monsters within range! (Use Z to cast anyway.)
You can't see any susceptible monsters within range! (Use Z to cast anyway.)
Found a stone staircase leading down.
Health restored: 40 You see here an amulet of magic regeneration.
w - a scroll labelled PEAFIBATED
Found a stone staircase leading down.
An endoplasm is nearby!
An endoplasm is nearby!
The magic dart hits the endoplasm.
You can't see any susceptible monsters within range! (Use Z to cast anyway.)
x - a yellow potion You can't see any susceptible monsters within range! (Use Z to cast anyway.)
You can't see any susceptible monsters within range! (Use Z to cast anyway.)
You see here a +0 whip.
You now have 199 gold pieces (gained 13).
You see here a +0 leather armour.
The magic dart hits the endoplasm.
You take 1 damage, and have 39/40 hp.
The magic dart hits the endoplasm.
You take 1 damage, and have 38/40 hp.
You can't see any susceptible monsters within range! (Use Z to cast anyway.)
A giant cockroach is nearby!
A giant cockroach is nearby!
A giant cockroach is nearby!
The magic dart hits the giant cockroach.
You take 1 damage, and have 38/40 hp.
The magic dart hits the giant cockroach but does no damage.
You take 1 damage, and have 37/40 hp.
The magic dart hits the giant cockroach.
You can't see any susceptible monsters within range! (Use Z to cast anyway.)
A gnoll is nearby!
A gnoll is nearby!
A gnoll is nearby!
The magic dart hits the gnoll.
The gnoll shouts!
You hear an angry hiss.
You take 1 damage, and have 37/40 hp.
The magic dart hits the gnoll.
The magic dart hits the gnoll but does no damage.
You take 1 damage, and have 36/40 hp.
The magic dart hits the gnoll!
You take 1 damage, and have 35/40 hp.
The magic dart hits the gnoll.
The gnoll shouts!
You take 1 damage, and have 34/40 hp.
The magic dart hits the gnoll.
The gnoll shouts!
The magic dart hits the gnoll.
You take 1 damage, and have 33/40 hp.
The magic dart hits the gnoll but does no damage.
A bullfrog comes into view.
The gnoll zaps a wand.
Your will is overpowered!
You are confused.
You take 1 damage, and have 32/40 hp.
You're too confused to cast spells.
You're too confused to cast spells.
The gnoll hits you from afar with a +0 halberd.
You see here a +0 whip.
You take 6 damage, and have 27/40 hp.
You bump into the rock wall.
The gnoll hits you from afar with a +0 halberd!
You take 11 damage, and have 16/40 hp.
MASSIVE DAMAGE!!
An iguana comes into view.
The iguana hisses angrily.
The gnoll hits you from afar with a +0 spear!
* * * LOW HITPOINT WARNING * * *
The gnoll barely misses you.
You take 7 damage, and have 9/40 hp.
The bullfrog misses you. The bullfrog attacks as you move away!
The bullfrog hits you!
* * * LOW HITPOINT WARNING * * *
You feel less confused.
You take 7 damage, and have 2/40 hp.
The bullfrog barely misses you.
Casting: Magic Dart (safe; 1% risk of failure)
Confirm with . or Enter, or press ? or * to list all spells.
You don't have enough health to cast this spell.
Casting: Magic Dart (safe; 1% risk of failure)
Confirm with . or Enter, or press ? or * to list all spells.
Okay, then.
The bullfrog barely misses you.
The gnoll hits you from afar with a +0 spear.
* * * LOW HITPOINT WARNING * * *
The bullfrog barely misses you. The gnoll completely misses you.
You take 2 damage, and have 1/40 hp.
The bullfrog attacks as you move away! The bullfrog hits you.
You die...

#....##.###... ...#
...>.##.###.#. #... #...
.........#..#. #... ...#
...........##. .....
#..###..........##. .....
#...##...#.........
...... ..#.#.#.#.........
.....##.....#........###
#...@.#..##........#.
..##.#F###..#...........
.....#..g##..#.....####.
.........g..)..........#.
......#..g...............
....)......l.[...####...#
..#..............# #...#
. #?.............# #.....
##.............# #..##.


You could see a bullfrog.

Vanquished Creatures
  A howler monkey (D:4)
  A hound (D:4)
  A jelly (D:4)
  An orc priest (D:3)
  Jessica (D:3)
  Ijyb (D:3)
  4 gnolls
  2 adders
  An ufetubus (D:4)
  2 worms (D:2)
  3 dart slugs
  4 orcs
  6 endoplasms
  7 giant cockroaches
  6 goblins
  10 hobgoblins
  3 jackals (D:2)
  2 kobolds
  4 quokkas
  5 ball pythons
  4 bats
  5 frilled lizards
  5 rats
79 creatures vanquished.

Notes
Turn   | Place    | Note
-------+----------+-------------------------------------------
     0 | D:1      | IndexError the Djinni Conjurer began the quest for the Orb.
     0 | D:1      | IndexError set off with the following spells memorised:
                  | Magic Dart, Searing Ray, Dazzling Flash, Fulminant Prism,
                  | Iskenderun's Mystic Blast.
     0 | D:1      | Reached XP level 1. HP: 15/15 MP: 0/0
   176 | D:1      | Reached XP level 2. HP: 14/21 MP: 0/0
   187 | D:1      | HP: 5/21 [hobgoblin (2)]
   521 | D:1      | Reached skill level 4 in Spellcasting
   521 | D:1      | Reached skill level 4 in Conjurations
   521 | D:1      | Reached skill level 4 in Hexes
   521 | D:1      | Reached skill level 4 in Summonings
   521 | D:1      | Reached skill level 4 in Necromancy
   521 | D:1      | Reached skill level 4 in Translocations
   521 | D:1      | Reached skill level 4 in Transmutations
   521 | D:1      | Reached skill level 4 in Fire Magic
   521 | D:1      | Reached skill level 4 in Ice Magic
   521 | D:1      | Reached skill level 4 in Air Magic
   521 | D:1      | Reached skill level 4 in Earth Magic
   521 | D:1      | Reached skill level 4 in Poison Magic
   521 | D:1      | Reached XP level 3. HP: 17/25 MP: 0/0
   521 | D:1      | Learned a level 1 spell: Shock
  1186 | D:2      | Reached XP level 4. HP: 24/31 MP: 0/0
  1468 | D:2      | Found a white marble altar of Elyvilon.
  1995 | D:3      | Reached XP level 5. HP: 14/35 MP: 0/0
  1995 | D:3      | Learned a level 2 spell: Momentum Strike
  2113 | D:3      | Reached skill level 5 in Spellcasting
  2113 | D:3      | Reached skill level 5 in Conjurations
  2113 | D:3      | Reached skill level 5 in Hexes
  2113 | D:3      | Reached skill level 5 in Summonings
  2113 | D:3      | Reached skill level 5 in Necromancy
  2113 | D:3      | Reached skill level 5 in Translocations
  2113 | D:3      | Reached skill level 5 in Transmutations
  2113 | D:3      | Reached skill level 5 in Fire Magic
  2113 | D:3      | Reached skill level 5 in Ice Magic
  2113 | D:3      | Reached skill level 5 in Air Magic
  2113 | D:3      | Reached skill level 5 in Earth Magic
  2113 | D:3      | Reached skill level 5 in Poison Magic
  2275 | D:3      | Found a faded altar of an unknown god.
  2369 | D:3      | Noticed Ijyb
  2398 | D:3      | Killed Ijyb
  2479 | D:3      | Noticed Jessica
  2487 | D:3      | Killed Jessica
  2488 | D:3      | Reached XP level 6. HP: 38/40 MP: 0/0
  2998 | D:4      | HP: 9/40 [gnoll/+0 spear (8)]
  3000 | D:4      | HP: 2/40 [bullfrog (7)]
  3005 | D:4      | Slain by a bullfrog

Illustrated notes

Levels and vault maps discovered:
D:1:      eino_arrival_water_star, layout_loops_ring
D:2:      layout_basic, basic_altar, minmay_fractal_squares_gapless_5
D:3:      layout_rooms, dreamdust_ecumenical_altar_hidden_monk_grotto,
          uniq_ijyb, uniq_jessica
D:4:      layout_cave_pools

Skill      XL: |  1  2  3  4  5 |
---------------+----------------+-----
Spellcasting   | 4 5 |  5.9
Conjurations   | 4 5 |  5.9
Hexes          | 4 5 |  5.9
Summonings     | 4 5 |  5.9
Necromancy     | 4 5 |  5.9
Translocations | 4 5 |  5.9
Transmutations | 4 5 |  5.9
Fire Magic     | 4 5 |  5.9
Ice Magic      | 4 5 |  5.9
Air Magic      | 4 5 |  5.9
Earth Magic    | 4 5 |  5.9
Poison Magic   | 4 5 |  5.9
Dodging        | |  2.1
Stealth        | |  1.5

Action                     |  1- 3 |  4- 6 || total
---------------------------+-------+-------++-------
  Melee: Whip              |    17 |    23 ||    40
   Cast: Magic Dart        |    56 |    96 ||   152
         Searing Ray       |     1 |     6 ||     7
         Dazzling Flash    |       |     1 ||     1
   Stab: Sleeping          |       |     2 ||     2
 Armour: Robe              |     9 |    10 ||    19
  Dodge: Dodged            |    16 |    38 ||    54
  Block: Other             |       |     5 ||     5

Table legend: (Time is in decaauts)
 A = Elapsed time spent in this place.
 B = Non-inter-level travel time spent in this place.
 C = Inter-level travel time spent in this place.
 D = Time resting spent in this place.
 E = Time spent auto-exploring this place.
 F = Levels seen in this place.
 G = Mean time per level.
                   A        B        C        D        E       F      G
               +--------+--------+--------+--------+--------+-----+--------+
         Total |   3011 |   2749 |    262 |      0 |   2323 |   4 |  752.8 |
       Dungeon |   3011 |   2749 |    262 |      0 |   2323 |   4 |  752.8 |
               +--------+--------+--------+--------+--------+-----+--------+

Top non-repeatable levels by time:
     D:2: 1002 daAuts
     D:1: 908 daAuts
     D:3: 851 daAuts
     D:4: 249 daAuts

Levels and vault maps discovered:
D:1:      eino_arrival_water_star, layout_loops_ring
D:2:      layout_basic, basic_altar, minmay_fractal_squares_gapless_5
D:3:      layout_rooms, dreamdust_ecumenical_altar_hidden_monk_grotto,
          uniq_ijyb, uniq_jessica
D:4:      layout_cave_pools

Table legend: (Time is in decaauts)
 A = Elapsed time spent in this place.
 B = Non-inter-level travel time spent in this place.
 C = Inter-level travel time spent in this place.
 D = Time resting spent in this place.
 E = Time spent auto-exploring this place.
 F = Levels seen in this place.
 G = Mean time per level.
                   A        B        C        D        E       F      G
               +--------+--------+--------+--------+--------+-----+--------+
         Total |   3011 |   2749 |    262 |      0 |   2323 |   4 |  752.8 |
       Dungeon |   3011 |   2749 |    262 |      0 |   2323 |   4 |  752.8 |
               +--------+--------+--------+--------+--------+-----+--------+

Top non-repeatable levels by time:
     D:2: 1002 daAuts
     D:1: 908 daAuts
     D:3: 851 daAuts
     D:4: 249 daAuts

Table legend:
 A = Kills in this place as a percentage of kills in the entire game.
 B = Kills by you in this place as a percentage of kills by you in the entire game.
 C = Kills by friends in this place as a percentage of kills by friends in the entire game.
 D = Other kills in this place as a percentage of other kills in the entire game.
 E = Experience gained in this place as a percentage of experience gained in the entire game.
 F = Experience gained in this place divided by the number of levels of this place that you have seen.
                   A       B       C       D       E      F
               +-------+-------+-------+-------+-------+----------------------
         Total | 100.0 | 100.0 |   N/A |   N/A | 100.0 | 119.2
       Dungeon | 100.0 | 100.0 |   N/A |   N/A | 100.0 | 119.2
               +-------+-------+-------+-------+-------+----------------------
